 Dungeon Crawl Stone Soup version 0.32-a0-779-g362cfcae2a (webtiles) character file.

Game seed: 14469379800900472281

137 smashvw the Trooper (level 5, -3/48 HPs)
             Began as a Mountain Dwarf Monk on Mar 19, 2024.
             Slain by a mummy (14 damage)
             ... in an ossuary.
             The game lasted 00:05:49 (2148 turns).

smashvw the Trooper (Mountain Dwarf Monk)           Turns: 2148, Time: 00:05:50

Health: -3/48      AC: 10    Str: 15    XL:     5   Next: 0%
Magic:  5/5        EV: 11    Int: 11    God:
Gold:   74         SH:  0    Dex: 12    Spells: 4/4 levels left

rFire   . . .        a - +0 spear
rCold   . . .        d - orb {light}
rNeg    . . .        j - +0 chain mail
rPois   .            (no helmet)
rElec   .            (no cloak)
rCorr   .            g - +0 pair of gloves
SInv    .            r - +0 pair of boots
Will    .....        (no amulet) Stlth
                     k - +5 ring of evasion
HPRegen 0.28/turn    (no ring)
MPRegen 0.09/turn

%: no passive effects
@: marked, glowing, invisible (but backlit and visible)
A: runic magic, artefact enchanting
a: no special abilities


You were in an ossuary.
You visited 1 branch of the dungeon, and saw 4 of its levels.
You also visited: Ossuary.

You collected 74 gold pieces.

Inventory:

Hand Weapons
 a - a +0 spear (weapon)
Armour
 d - an orb of light (worn)
 g - a +0 pair of gloves (worn)
 j - a +0 chain mail (worn)
 r - a +0 pair of boots (worn)
Jewellery
 h - an amulet of magic regeneration
 k - a +5 ring of evasion (left hand)
Scrolls
 b - a scroll of amnesia {unknown}
 e - a scroll of poison {unknown}
 f - a scroll of fear {unknown}
 l - a scroll of fog {unknown}
Potions
 c - a potion of ambrosia
 i - a potion of degeneration
 n - a potion of haste {unknown}
 p - a potion of curing


   Skills:
 + Level 5.0 Fighting
 + Level 4.5 Polearms
 - Level 2.1 Dodging


You had 4 spell levels left.
You didn't know any spells.
Your spell library contained the following spells:

 Spells                   Type           Power      Damage    Failure   Level
 Sting                    Conj/Alch      0%         1d3       56%         1
 Mercury Vapours          Alch/Air       0%         N/A       71%         2
 Olgreb's Toxic Radiance  Alch           0%         N/A       100%        4


Dungeon Overview and Level Annotations

Branches:
Dungeon (4/15)            Ossuary (1/1)
 Temple: D:4-7

Altars:
Fedhas

Shops:
D:1 *


Innate Abilities, Weirdness & Mutations

Your spellcasting is much less encumbered by armour.
You can use scrolls of enchantment on lesser artefacts.


Message History

The mummy hits you. The mummy barely misses you. The weeping skull touches you!
You hit the weeping skull but do no damage.
The weeping skull is almost destroyed.
The mummy barely misses you.
You hit the weeping skull but do no damage.
The weeping skull is almost destroyed.
The weeping skull touches you but does no damage.
The mummy closely misses you.
You hit the weeping skull but do no damage.
The weeping skull is almost destroyed.
The weeping skull unleashes gushing sobs.
The wave of grief passes through you. The mummy hits you.
You hit the weeping skull.
You destroy the weeping skull!
The mummy hits you!
* * * LOW HITPOINT WARNING * * *
Your life force feels restored.
Your Fighting skill increases to level 5!
You have reached level 5!
It was a potion of magic.
Magic courses through your body. The mummy closely misses you.
It was a potion of invisibility.
You become transparent, but the glow from your halo prevents you from becoming completely invisible.
You hit the weeping skull.
The weeping skull is moderately damaged.
The mummy misses you.
You hit the weeping skull but do no damage.
The weeping skull is moderately damaged.
The weeping skull unleashes gushing sobs.
The wave of grief passes through you. The mummy hits you but does no damage.
You completely miss the weeping skull.
The weeping skull is moderately damaged.
The mummy closely misses you. The weeping skull touches you.
* * * LOW HITPOINT WARNING * * *
You hit the weeping skull but do no damage.
The weeping skull is moderately damaged.
The weeping skull unleashes gushing sobs.
The wave of grief passes through you. The mummy hits you but does no damage.
The mummy hits you!
You die...

##.....## ##'°
##.......###..#
+.........'...#
+....⌠....'.#M#
+.........'.Z○#
##....Z..###zM#
##°.ZMZ##
##zZ.# ##Z#M##
#°### #Mz@# #○#
##M## !!. #.○.#
.?! #.∩.# ###
#####


You could see a weeping skull, 4 mummies, a kobold zombie, 2 orc zombies and a
human zombie.

Vanquished Creatures
  A weeping skull (Ossuary)
  2 dart slugs (D:1)
  A ribbon worm (D:2)
  3 orcs (D:3)
  8 bats
  2 endoplasms (D:3)
  5 giant cockroaches
  6 goblins
  4 hobgoblins
  5 kobolds
  3 quokkas
  6 ball pythons
  4 frilled lizards
  7 rats
57 creatures vanquished.

Notes
Turn   | Place    | Note
-------+----------+-------------------------------------------
     0 | D:1      | smashvw the Mountain Dwarf Monk began the quest for the
                  | Orb.
     0 | D:1      | Reached XP level 1. HP: 19/19 MP: 1/1
   184 | D:1      | Reached XP level 2. HP: 23/26 MP: 2/2
   223 | D:1      | Found a faded altar of an unknown god.
   427 | D:1      | Found Qypongeg's Assorted Antiques.
   501 | D:1      | Reached skill level 4 in Fighting
   754 | D:2      | Reached XP level 3. HP: 24/33 MP: 3/3
  1697 | D:3      | Found a blossoming altar of Fedhas.
  1721 | D:3      | Reached XP level 4. HP: 41/41 MP: 4/4
  2063 | D:4      | Found a sand-covered staircase.
  2072 | Ossuary  | Entered an ossuary
  2087 | Ossuary  | Noticed a weeping skull
  2094 | Ossuary  | Noticed a weeping skull
  2142 | Ossuary  | Killed a weeping skull
  2143 | Ossuary  | Reached skill level 5 in Fighting
  2143 | Ossuary  | Reached XP level 5. HP: 10/48 MP: 5/5
  2148 | Ossuary  | Slain by a mummy

Illustrated notes

Levels and vault maps discovered:
D:1:      amcnicky_arrival_wind_blow, layout_basic,
          hellmonk_ecumenical_altar_zigzags, serial_shops,
          nicolae_shop_back_alley_shop
D:2:      layout_basic, serial_rivers, chequers_serial_rivers_micro_a,
          chequers_serial_rivers_room_a, chequers_serial_rivers_micro_b,
          chequers_serial_rivers_micro_a, chequers_serial_rivers_micro_c,
          chequers_serial_rivers_room_a, st_stairs_5
D:3:      layout_loops_cross, mainiacjoe_overflow_catwalk
D:4:      layout_loops_cross, mainiacjoe_overflow_alcove_1,
          minmay_temple_entry_trees, serial_demonic, serial_demonic_a,
          serial_demonic_g, serial_demonic_c, serial_demonic_e,
          mainiacjoe_ossuary_entry_dusty_tomb, hangedman_decor_lopped,
          supply_closet_lemuel
Ossuary:  ossuary_crypta

Skill      XL: |  1  2  3  4 |
---------------+-------------+-----
Fighting       | 4 5 |  5.0
Polearms       | 4 |  4.5
Dodging        | |  2.1

Action                     |  1- 3 |  4- 6 || total
---------------------------+-------+-------++-------
  Melee: Spear             |   193 |    52 ||   245
    Use: Potion            |       |     4 ||     4
         Scroll            |       |     2 ||     2
 Armour: Robe              |    29 |       ||    29
         Chain mail        |    52 |    35 ||    87
  Dodge: Dodged            |    78 |    24 ||   102

Table legend: (Time is in decaauts)
 A = Elapsed time spent in this place.
 B = Non-inter-level travel time spent in this place.
 C = Inter-level travel time spent in this place.
 D = Time resting spent in this place.
 E = Time spent auto-exploring this place.
 F = Levels seen in this place.
 G = Mean time per level.
                   A        B        C        D        E       F      G
               +--------+--------+--------+--------+--------+-----+--------+
         Total |   2127 |   2049 |     78 |      0 |   1573 |   5 |  425.4 |
       Dungeon |   2056 |   1978 |     78 |      0 |   1560 |   4 |  514.0 |
       Ossuary |     71 |     71 |      0 |      0 |     13 |   1 |   71.0 |
               +--------+--------+--------+--------+--------+-----+--------+

Top non-repeatable levels by time:
     D:2: 727 daAuts
     D:1: 688 daAuts
     D:3: 625 daAuts
 Ossuary: 71 daAuts
     D:4: 14 daAuts
